 Dungeon Crawl Stone Soup version 0.13.0-5-g7e31f0a (webtiles) character file.

270 Deemzul the Poker (level 5, -8/54 HPs)
             Began as an Octopode Berserker on Oct 14, 2013.
             Was a Priest of Trog.
             Killed from afar by Sigmund (9 damage)
             ... with a magic dart
             ... on Level 3 of the Dungeon.
             The game lasted 00:05:08 (1863 turns).

Deemzul the Poker (Octopode Berserker)              Turns: 1863, Time: 00:05:08

HP  -8/54        AC  1     Str 21      XL: 5   Next: 11%
MP   4/4         EV 13     Int  9      God: Trog [***...]
Gold 142         SH  0     Dex 13      Spells:  0 memorised,  4 levels left

Res.Fire  : . . .   See Invis. : .   r - +0 orc trident
Res.Cold  : . . .   Warding    : .   (no shield)
Life Prot.: . . .   Conserve   : .   (helmet restricted)
Res.Poison: .       Res.Corr.  : .   (no amulet)
Res.Elec. : .       Clarity    : .   (no ring)
Sust.Abil.: . .     Spirit.Shd : .   (no ring)
Res.Mut.  : .       Stasis     : .   (no ring)
Res.Rott. : .       Flight     : .   (no ring)
Saprovore : . . .                    (no ring)
                                     (no ring)
                                     (no ring)
                                     (no ring)

@: berserking (expiring), very quick, slightly resistant to hostile
enchantments, extremely unstealthy
A: almost no armour, amphibious, 8 rings, constrict 8, camouflage 1, AC +1
a: Burn Spellbooks, Berserk, Trog's Hand, Renounce Religion


You were on level 3 of the Dungeon.
You worshipped Trog.
Trog was most pleased with you.
You were not hungry.

You visited 1 branch of the dungeon, and saw 3 of its levels.

You collected 122 gold pieces.

Inventory:

Hand weapons
 a - a +0,+0 spear {=f}
 r - a +0,+0 orcish trident (weapon)
Comestibles
 c - a bread ration
 q - a rotting chunk of worm flesh
Scrolls
 b - a scroll of fog {unknown}
 d - 4 scrolls of identify
 f - a scroll of curse armour {unknown}
 g - a scroll of recharging {unknown}
 i - a scroll of magic mapping {unknown}
 j - a scroll of teleportation
 k - a scroll of enchant weapon II {unknown}
 m - a scroll of enchant weapon I {unknown}
 n - a scroll of remove curse {unknown}
Potions
 e - a potion of agility {unknown}
 h - a potion of heal wounds {unknown}
 l - a potion of mutation {unknown}
 o - a potion of poison {unknown}
 p - a potion of speed {unknown}


   Skills:
 - Level 3.0 Fighting
 * Level 5.6 Polearms
 - Level 3.0 Dodging


You had 4 spell levels left.
You didn't know any spells.

Dungeon Overview and Level Annotations

Branches:
Dungeon (3/27)

Altars:

Annotations:
D:3 Grinder, Sigmund


Innate Abilities, Weirdness & Mutations

You cannot wear most types of armour.
You are amphibious.
You can wear up to eight rings at the same time.
You can use your tentacles to constrict many enemies at once.
Your skin changes colour to match your surroundings (Stlth).
Your rubbery body absorbs attacks (AC +1).


Message History

The jackal misses you.
You closely miss the jackal. Your grab misses the jackal.
Your squeeze misses the jackal.
The jackal is severely wounded.
The jackal bites you.
* * * LOW HITPOINT WARNING * * *
The jackal bites you.
* * * LOW HITPOINT WARNING * * *
You puncture the jackal!
You kill the jackal!
Trog accepts your kill. The jackal bites you.
* * * LOW HITPOINT WARNING * * *
It barely misses you.
You hit it. You squeeze it!! The jackal closely misses you.
You barely miss it. Your squeeze misses it. The jackal bites you.
* * * LOW HITPOINT WARNING * * *
You hear some strange, mumbled words.
The magic dart hits you!
You die...

..........)...............#
..........[.........###.....
..............).....# ....
....................# ...
...)................###....
...[......................
....................###...
..........####..%)..#
..........# #..@h..#
..........# #.{...##
########### #.....# #.....#
#...... #....... ####.%...
#.... .


You could see a jackal.

Vanquished Creatures
  4 adders
  A giant mite (D:2)
  2 worms (D:3)
  A giant gecko (D:1)
  5 oozes
  5 orcs (D:3)
  6 goblins
  8 hobgoblins
  6 jackals (D:3)
  A quokka (D:2)
  6 bats
  2 giant cockroaches
  A giant newt (D:1)
  6 kobolds
  6 rats
60 creatures vanquished.

Notes
Turn   | Place    | Note
--------------------------------------------------------------
     0 | D:1      | Deemzul, the Octopode Berserker, began the quest for the Orb.
     0 | D:1      | Reached XP level 1. HP: 16/16 MP: 0/0
   117 | D:1      | Reached XP level 2. HP: 15/21 MP: 1/1
   532 | D:1      | Reached skill level 4 in Polearms
   556 | D:1      | Acquired Trog's second power
   621 | D:1      | Reached XP level 3. HP: 27/27 MP: 2/2
  1186 | D:2      | Reached XP level 4. HP: 32/32 MP: 3/3
  1379 | D:3      | Noticed Grinder
  1385 | D:3      | Paralysed by Grinder for 6 turns
  1463 | D:3      | Reached skill level 5 in Polearms
  1754 | D:3      | Reached XP level 5. HP: 36/36 MP: 4/4
  1850 | D:3      | Noticed Sigmund
  1861 | D:3      | HP: 2/54 [jackal (1)]
  1863 | D:3      | Killed from afar by Sigmund

Action                   |  1- 3 |  4- 6 || total
-------------------------+-------+-------++-------
Melee: Spear             |   105 |    63 ||   168
       Trident           |       |    11 ||    11
Invok: Berserk           |       |     3 ||     3
  Use: Scroll            |       |     2 ||     2
 Stab: Sleeping          |     8 |     1 ||     9
       Distracted        |       |     1 ||     1
